 Dungeon Crawl Stone Soup version 0.19-a0-1568-gdd01aac (webtiles) character file.

9 Amnesiac the Digger (level 2, -1/19 HPs)
             Began as a Mummy Earth Elementalist on Sept 15, 2016.
             Slain by an orc wizard
             ... wielding a +0 dagger
              (4 damage)
             ... on level 3 of the Dungeon.
             The game lasted 00:01:28 (575 turns).

Amnesiac the Digger (Mummy Earth Elementalist)       Turns: 575, Time: 00:01:29

Health: -1/19      AC:  2    Str: 11    XL:     2   Next: 6%
Magic:  1/5        EV: 12    Int: 14    God:
Gold:   12         SH:  0    Dex: 12    Spells: 1 memorised, 4 levels left

rFire  x . .     SeeInvis .     b - 32 stones
rCold  + . .     Gourm    .     c - +0 robe
rNeg   + + +     Faith    .     (no shield)
rPois  ∞         Spirit   .     (no helmet)
rElec  .         Dismiss  .     (no cloak)
rCorr  .         Reflect  .     (no gloves)
MR     .....     Harm     .     (no boots)
Stlth  ++........               (no amulet)
                                (no ring)
                                (no ring)

@: no status effects
A: no food or potions, fire vulnerability, cold resistance 1, negative energy
resistance 3, torment resistance, unbreathing
a: no special abilities


You were on level 3 of the Dungeon.
You were not hungry.

You visited 1 branch of the dungeon, and saw 3 of its levels.

You collected 12 gold pieces.

Inventory:

Hand Weapons
 a - a +0 short sword
Missiles
 b - 32 stones (in hand)
Armour
 c - a +0 robe (worn)
Scrolls
 e - a scroll of magic mapping
Books
 d - a book of Geomancy

   Spells                             Type                      Level
   a - Sandblast                      Earth                        1
   b - Passwall                       Transmutation/Earth          2
   c - Stone Arrow                    Conjuration/Earth            3
   d - Petrify                        Transmutation/Earth          4
   e - Lee's Rapid Deconstruction     Earth                        5


   Skills:
 - Level 1.5 Dodging
 - Level 1.5 Stealth
 + Level 2.1 Spellcasting
   Level 0.7 Transmutations
 * Level 2.8 Earth Magic


You had 4 spell levels left.
You knew the following spells:

 Your Spells              Type           Power        Failure   Level  Hunger
z - Sandblast             Erth           #.....       10%         1    N/A

Dungeon Overview and Level Annotations

Branches:
Dungeon (3/15)

Altars:
Elyvilon


Innate Abilities, Weirdness & Mutations

You do not eat or drink.
Your flesh is vulnerable to fire.
You are immune to poison.
Your flesh is cold resistant. (rC+)
You are immune to negative energy. (rN+++)
You are immune to unholy pain and torment.
You can survive without breathing.


Message History

Confirm with . or Enter, or press ? or * to list all spells.
Aiming: Sandblast
Press: ? - help, Shift-Dir - straight line, f - leopard gecko
Aim: a leopard gecko (clinging, resting)
The rocky blast hits the leopard gecko.
You kill the leopard gecko!
You have reached level 2!
Casting: Sandblast
Confirm with . or Enter, or press ? or * to list all spells.
Aiming: Sandblast
Press: ? - help, Shift-Dir - straight line The rocky blast hits something.
Casting: Sandblast
Confirm with . or Enter, or press ? or * to list all spells.
Aiming: Sandblast
Press: ? - help, Shift-Dir - straight line The rocky blast hits something.
Something hits you.
* * * LOW HITPOINT WARNING * * *
Something hits you.
You die...

**### *,..#
*,#.# *,#.#
*,#†# *,#.#
*,#.# *,#@#
*,#{# *,#.#
***********,#.#
*,,,,,,,,,,,#.#
*,*********,#.#
#P*,,,,,..*P#.#
*#.#*,,_..##P#.#
*....,,,...P.#.#


There were no monsters in sight!

Vanquished Creatures
  A leopard gecko (D:3)
  A goblin (D:1)
  2 kobolds (D:1)
  2 bats
  2 frilled lizards (D:1)
  A rat (D:1)
9 creatures vanquished.

Vanquished Creatures (others)
  4 toadstools (D:1)
4 creatures vanquished.

Grand Total: 13 creatures vanquished

Notes
Turn   | Place    | Note
-------+----------+-------------------------------------------
     0 | D:1      | Amnesiac the Mummy Earth Elementalist began the quest for the Orb.
     0 | D:1      | Reached XP level 1. HP: 13/13 MP: 3/3
   312 | D:3      | Noticed an orc wizard
   334 | D:3      | Found a white marble altar of Elyvilon.
   573 | D:3      | Reached XP level 2. HP: 7/19 MP: 3/5
   575 | D:3      | Slain by an orc wizard

Vault maps used:
D:1:      ldierk_walled_garden_2, minmay_statues_item, serial_bayou_lagoon_a
D:2:      grunt_temple_overflow_order_and_chaos_1, uniq_jessica
D:3:      nicolae_overflow_hidden_temple, kiku_gazebo_garden_becter,
          first_bread, small_statue_intersection

Action                   || total
-------------------------++-------
Melee: Short sword       ||     3
 Cast: Sandblast         ||    18
  Use: Scroll            ||     3
Armor: Robe              ||     2
Dodge: Dodged            ||    16
